Lightning vs Panthers

Created - February 7, 2020 at 20:30

Goals
1 2 3 T
Lightning 1 0 2 3
Panthers 3 3 1 7
Shots
1 2 3 T
Lightning 7 12 7 26
Panthers 13 10 13 36

1st period

1. Panthers , David Booth 12 (Erik Gudbranson 15, Petr Mrazek) at 3:50 (PP)
2. Lightning , Nikita Kucherov 11 (Tyler Johnson 20) at 10:01
3. Panthers , Chad Larose 5 (Travis Zajac 9, Drew Stafford 13) at 14:22
4. Panthers , Alex Galchenyuk 21 (Matt Duchene 34, Erik Gudbranson 16) at 15:12

Penalties :
Henrik Zetterberg (TB.) for Hooking (Minor) at 2:56, Patrick Kaleta (TB.) for Hooking (Minor) at 7:50, Alex Galchenyuk (Flo) for Holding (Minor) at 12:22, Daniel Paille (Flo) for High sticking (Minor) at 18:46

2nd period

5. Panthers , David Booth 13 (Travis Zajac 10) at 6:56
6. Panthers , Chad Larose 6 (Christian Ehrhoff 9, David Booth 11) at 10:30
7. Panthers , Stephen Weiss 8 (Linus Omark 7, Drew Stafford 14) at 11:50

Penalties :
Matt Duchene (Flo) for Diving (Minor) at 4:35, James Wright (TB.) for Tripping (Minor) at 17:08

3rd period

8. Panthers , Travis Zajac 13 (Matt Irwin 10) at 1:45
9. Lightning , Paul Ranger 1 (Dany Heatley 3) at 7:33
10. Lightning , Henrik Zetterberg 17 (Tyler Johnson 21, Patrick Kaleta 8) at 7:45

Penalties :
Marek Svatos (Flo) for Interference (Minor) at 10:59, Nikita Kucherov (TB.) for Hooking (Minor) at 14:37, Daniel Carcillo (TB.) for Tripping (Minor) at 16:26

Goalie Stats

Jaroslav Halak (TB.), 12 saves from 16 shots - (0.750), L, 17-17-2, 26:56 minutes
Jhonas Enroth (TB.), 17 saves from 20 shots - (0.850), 33:04 minutes
Petr Mrazek (Flo), 23 saves from 26 shots - (0.885), W, 16-13-1, 60:00 minutes

Players Stats for Lightning

Player Name              G  A  P  +/- PIM S  H  SB GA TA FO     MP     PP MP  PK MP  
------------------------------------------------------------------------------------
Andy Rogers              0  0  0   2  0   1  2  3  0  1  0/0    27:18   4:07   4:54 
Cameron Schilling        0  0  0  -2  0   0  0  1  0  0  0/0    10:36   0:00   3:16 
Daniel Carcillo          0  0  0  -3  2   1  2  2  0  0  0/1    20:02   3:17   2:32 
Dany Heatley             0  1  1   1  0   0  1  0  0  1  0/0    11:41   0:00   0:12 
Gilbert Brule            0  0  0  -3  0   3  0  0  0  1  4/13   19:29   3:17   3:04 
Henrik Zetterberg        1  0  1  -1  2   7  3  1  1  1  3/7    27:20   4:39   4:12 
James Wright             0  0  0   1  2   2  0  0  1  0  1/7    12:02   0:00   0:00 
Jon Merrill              0  0  0  -3  0   1  0  1  0  1  0/0    20:34   3:49   3:46 
Justin Schultz           0  0  0  -3  0   0  1  1  0  2  0/0    20:08   3:49   3:46 
Nikita Kucherov          1  0  1   1  2   4  2  0  1  0  0/0    11:22   0:00   0:07 
Patrick Kaleta           0  1  1  -1  2   2  2  0  0  0  0/1    20:03   4:39   0:00 
Paul Ranger              1  0  1  -1  0   2  0  0  0  0  0/0    13:22   1:22   0:00 
Pierre-Luc Létourneau    0  0  0   0  0   0  0  0  0  0  0/2     5:17   0:00   2:11 
Rasmus Ristolainen       0  0  0   0  0   1  0  1  0  0  0/0     5:17   0:00   0:00 
Theo Peckham             0  0  0   1  0   0  0  0  0  0  0/0     7:36   0:00   0:00 
Tyler Cuma               0  0  0   0  0   1  1  1  0  2  0/0    15:09   2:45   1:38 
Tyler Johnson            0  2  2  -1  0   1  3  2  0  0  14/40  27:14   4:39   4:51 
Tyler Toffoli            0  0  0  -3  0   0  1  1  0  0  0/0    16:35   3:17   0:00 

Players Stats for Panthers

Player Name              G  A  P  +/- PIM S  H  SB GA TA FO     MP     PP MP  PK MP  
------------------------------------------------------------------------------------
Alex Galchenyuk          1  0  1   1  2   5  3  1  2  0  1/1    21:38   4:17   0:14 
Brandon Gormley          0  0  0   0  0   0  3  2  0  0  0/0    27:42   5:04   2:58 
Chad Larose              2  0  2   4  0   2  0  0  0  1  2/3    16:18   0:00   4:38 
Christian Ehrhoff        0  1  1   3  0   1  0  0  0  0  0/0     9:27   0:00   0:00 
Daniel Paille            0  0  0  -1  2   0  1  0  0  0  0/0     6:08   0:00   0:11 
David Booth              2  1  3   3  0   2  1  0  1  0  0/1    15:46   4:23   0:00 
Drew Stafford            0  2  2   0  0   1  3  0  0  0  0/0    15:57   4:23   2:50 
Erik Gudbranson          0  2  2   1  0   3  2  5  0  1  0/0    29:07   5:04   4:58 
Kyle Wellwood            0  0  0  -1  0   2  2  0  1  0  4/6     8:52   0:00   2:50 
Linus Omark              0  1  1   0  0   1  2  0  0  0  0/0     8:51   0:00   0:00 
Lubomir Visnovsky        0  0  0   4  0   1  0  2  0  0  0/0    14:31   0:00   4:58 
Marek Svatos             0  0  0   0  2   1  0  1  1  0  1/1    21:55   4:17   0:28 
Mark Pysyk               0  0  0  -1  0   1  1  3  1  1  0/0    21:26   3:36   2:58 
Matt Duchene             0  1  1   0  2   5  1  0  2  0  23/33  21:23   4:17   0:00 
Matt Irwin               0  1  1  -1  0   1  2  1  1  0  0/0    17:47   3:36   0:00 
Patrick Eaves            0  0  0  -1  0   5  0  1  0  0  0/0     5:53   0:00   0:00 
Stephen Weiss            1  0  1   0  0   3  0  0  0  0  1/1     8:51   0:00   0:00 
Travis Zajac             1  2  3   4  0   2  2  1  0  0  17/25  20:28   4:23   4:41 

3 Stars

1 - David Booth (Flo)
2 - Travis Zajac (Flo)
3 - Chad Larose (Flo)

Power Play

Lightning - 0 on 4 Attempt(s) - 0.00%
Panthers - 1 on 5 Attempt(s) - 20.00%

Penalty Kill

Lightning - 4 on 5 Attempt(s) - 80.00% - Score 0 goal in Penalty Kill
Panthers - 4 on 4 Attempt(s) - 100.00% - Score 0 goal in Penalty Kill

Team Stat

Lightning - Hits : 18 - Faceoff Wins : 22 - Blocked Shots : 14 - Penalty Minutes : 10
Panthers - Hits : 23 - Faceoff Wins : 49 - Blocked Shots : 17 - Penalty Minutes : 8

Official

Referees : Unknown
Linesman : Unknown

Game Notes

Jhonas Enroth enters game at 6:56 of 2nd period
Tyler Cuma is injured at 12:19 of 2nd period (Fractured Bone in Right Hand)

Finance

Level 1 -- Attendance: 4290 (71.50%) -- Ticket Income $514,800
Level 2 -- Attendance: 4286 (85.72%) -- Ticket Income $300,020
Level 3 -- Attendance: 1458 (72.90%) -- Ticket Income $65,610
Level 4 -- Attendance: 2712 (67.80%) -- Ticket Income $94,920
Luxury Box -- Attendance: 757 (75.70%) -- Ticket Income $147,615
Game was played at the Bank Atlantic Cente.
Total Attendance: 13503 (75.02%)
Total Ticket Income: $1,122,965
Other Income: $168,445
Total Income: $1,291,410

Lightning

5 vs 5 Forward 
   Center                   Left Wing                Right Wing               Time % Phy DF OF 
 1 Tyler Johnson            Henrik Zetterberg        Patrick Kaleta           40     1   2  2  
 2 Gilbert Brule            Daniel Carcillo          Tyler Toffoli            30     1   2  2  
 3 James Wright             Dany Heatley             Nikita Kucherov          20     1   2  2  
 4 Henrik Zetterberg        Pierre-Luc Létourneau    Tyler Johnson            10     1   2  2  

5 vs 5 Defense 
   Defense                  Defense                                           Time % Phy DF OF 
 1 Andy Rogers              Tyler Cuma                                        40     1   2  2  
 2 Justin Schultz           Jon Merrill                                       30     1   2  2  
 3 Paul Ranger              Cameron Schilling                                 20     1   2  2  
 4 Theo Peckham             Rasmus Ristolainen                                10     1   2  2  

PowerPlay Forward 
   Center                   Left Wing                Right Wing               Time % Phy DF OF 
 1 Tyler Johnson            Henrik Zetterberg        Patrick Kaleta           60     1   2  2  
 2 Gilbert Brule            Daniel Carcillo          Tyler Toffoli            40     1   2  2  

PowerPlay Defense
   Defense                  Defense                                           Time % Phy DF OF 
 1 Andy Rogers              Tyler Cuma                                        60     1   2  2  
 2 Justin Schultz           Jon Merrill                                       40     1   2  2  

Penalty Kill 4 Players Forward 
   Center                   Wing                     Time % Phy DF OF 
 1 Henrik Zetterberg        Tyler Johnson            60     1   2  2  
 2 Gilbert Brule            Daniel Carcillo          40     1   2  2  

Penalty Kill 4 Players Defense
   Defense                  Defense                  Time % Phy DF OF 
 1 Andy Rogers              Tyler Cuma               60     1   2  2  
 2 Justin Schultz           Jon Merrill              40     1   2  2  

Penalty Kill - 3 Players Forward 
   Forward                                           Time % Phy DF OF 
 1 Henrik Zetterberg                                 60     1   2  2  
 2 Tyler Johnson                                     40     1   2  2  

Penalty Kill - 3 Players Defense
   Defense                  Defense                  Time % Phy DF OF 
 1 Andy Rogers              Tyler Cuma               60     1   2  2  
 2 Justin Schultz           Jon Merrill              40     1   2  2  

4 vs 4 Forward 
   Center                   Wing                     Time % Phy DF OF 
 1 Henrik Zetterberg        Tyler Johnson            60     1   2  2  
 2 Gilbert Brule            Daniel Carcillo          40     1   2  2  

4 vs 4 Defense
   Defense                  Defense                  Time % Phy DF OF 
 1 Andy Rogers              Tyler Cuma               60     1   2  2  
 2 Justin Schultz           Jon Merrill              40     1   2  2  

Last Minutes Offensive
   Center                   Left Wing                Right Wing               Defense                  Defense                  
   Tyler Johnson            Henrik Zetterberg        Patrick Kaleta           Andy Rogers              Tyler Cuma               

Last Minutes Defensive
   Center                   Left Wing                Right Wing               Defense                  Defense                  
   Tyler Johnson            Henrik Zetterberg        Patrick Kaleta           Andy Rogers              Tyler Cuma               

Goaltenders
Starting : Jaroslav Halak           
Backup : Jhonas Enroth            

Extra Forwards
Normal : Dany Heatley, Nikita Kucherov, Pierre-Luc Létourneau - PP : Dany Heatley, Nikita Kucherov - PK : Pierre-Luc Létourneau
Extra Defensemen
Normal : Paul Ranger, Cameron Schilling, Theo Peckham - PP : Paul Ranger - PK : Cameron Schilling, Theo Peckham
Penalty Shots
Henrik Zetterberg, Tyler Johnson, Gilbert Brule, Daniel Carcillo, Patrick Kaleta

Scratches
Jack Skille (Healthy), Teuvo Teravainen (Healthy), Mikael Backlund (Healthy)

Panthers

5 vs 5 Forward 
   Center                   Left Wing                Right Wing               Time % Phy DF OF 
 1 Matt Duchene             Alex Galchenyuk          Marek Svatos             40     0   2  3  
 2 Travis Zajac             David Booth              Chad Larose              30     0   2  3  
 3 Stephen Weiss            Linus Omark              Drew Stafford            20     0   3  2  
 4 Kyle Wellwood            Daniel Paille            Patrick Eaves            10     1   2  2  

5 vs 5 Defense 
   Defense                  Defense                                           Time % Phy DF OF 
 1 Erik Gudbranson          Brandon Gormley                                   40     0   2  3  
 2 Matt Irwin               Mark Pysyk                                        30     0   2  3  
 3 Christian Ehrhoff        Lubomir Visnovsky                                 20     0   3  2  
 4 Erik Gudbranson          Brandon Gormley                                   10     0   2  3  

PowerPlay Forward 
   Center                   Left Wing                Right Wing               Time % Phy DF OF 
 1 Matt Duchene             Alex Galchenyuk          Marek Svatos             60     0   1  4  
 2 Travis Zajac             David Booth              Drew Stafford            40     0   1  4  

PowerPlay Defense
   Defense                  Defense                                           Time % Phy DF OF 
 1 Erik Gudbranson          Brandon Gormley                                   60     0   2  3  
 2 Matt Irwin               Mark Pysyk                                        40     0   2  3  

Penalty Kill 4 Players Forward 
   Center                   Wing                     Time % Phy DF OF 
 1 Travis Zajac             Chad Larose              60     1   3  1  
 2 Kyle Wellwood            Drew Stafford            40     1   3  1  

Penalty Kill 4 Players Defense
   Defense                  Defense                  Time % Phy DF OF 
 1 Erik Gudbranson          Lubomir Visnovsky        60     1   4  0  
 2 Mark Pysyk               Brandon Gormley          40     1   4  0  

Penalty Kill - 3 Players Forward 
   Forward                                           Time % Phy DF OF 
 1 Chad Larose                                       60     1   3  1  
 2 Drew Stafford                                     40     1   3  1  

Penalty Kill - 3 Players Defense
   Defense                  Defense                  Time % Phy DF OF 
 1 Erik Gudbranson          Lubomir Visnovsky        60     1   4  0  
 2 Mark Pysyk               Brandon Gormley          40     1   4  0  

4 vs 4 Forward 
   Center                   Wing                     Time % Phy DF OF 
 1 Matt Duchene             Alex Galchenyuk          60     0   2  3  
 2 Travis Zajac             David Booth              40     0   2  3  

4 vs 4 Defense
   Defense                  Defense                  Time % Phy DF OF 
 1 Erik Gudbranson          Brandon Gormley          60     0   2  3  
 2 Matt Irwin               Mark Pysyk               40     1   2  2  

Last Minutes Offensive
   Center                   Left Wing                Right Wing               Defense                  Defense                  
   Matt Duchene             Alex Galchenyuk          Marek Svatos             Erik Gudbranson          Brandon Gormley          

Last Minutes Defensive
   Center                   Left Wing                Right Wing               Defense                  Defense                  
   Travis Zajac             Linus Omark              Chad Larose              Erik Gudbranson          Lubomir Visnovsky        

Goaltenders
Starting : Petr Mrazek              
Backup : Braden Holtby            

Extra Forwards
Normal : David Booth, Alex Galchenyuk, Matt Duchene - PP : David Booth, Alex Galchenyuk - PK : Marek Svatos
Extra Defensemen
Normal : Mark Pysyk, Brandon Gormley, Erik Gudbranson - PP : Mark Pysyk - PK : Brandon Gormley, Lubomir Visnovsky
Penalty Shots
Alex Galchenyuk, Kyle Wellwood, Travis Zajac, David Booth, Matt Duchene

Scratches
Jonathan Sigalet (Separated Left Shoulder Injury), Steve Montador (Head Injury)

% Time on Ice - Lightning

Lines # - Real PCT - Wanted PCT - Time Play
Normal Forward
1 - 38% - 40% - 16:20
2 - 31% - 30% - 13:18
3 - 26% - 20% - 11:06
4 - 6% - 10% - 2:40
Normal Defense
1 - 42% - 40% - 18:17
2 - 29% - 30% - 12:33
3 - 17% - 20% - 7:17
4 - 12% - 10% - 5:17
PP Forward
1 - 59% - 60% - 4:39
2 - 41% - 40% - 3:17
PP Defense
1 - 52% - 60% - 4:07
2 - 48% - 40% - 3:49
PK Forward
1 - 71% - 60% - 6:01
2 - 29% - 40% - 2:29
PK Defense
1 - 56% - 60% - 4:44
2 - 44% - 40% - 3:46
PK3 Forward
1 - 100% - 60% - 0:10
2 - 0% - 40% - 0:00
PK3 Defense
1 - 100% - 60% - 0:10
2 - 0% - 40% - 0:00
44 Forward
1 - 0% - 60%
2 - 0% - 40%
44 Defense
1 - 0% - 60%
2 - 0% - 40%
Last Minute Offensive  - 0:00
Last Minute Defensive  - 0:00
Total
Forward - 60:00
Defense - 60:00

% Time on Ice - Panthers

Lines # - Real PCT - Wanted PCT - Time Play
Normal Forward
1 - 39% - 40% - 17:08
2 - 27% - 30% - 11:32
3 - 20% - 20% - 8:51
4 - 14% - 10% - 5:53
Normal Defense
1 - 40% - 40% - 17:15
2 - 34% - 30% - 14:52
3 - 22% - 20% - 9:27
4 - 4% - 10% - 1:50
PP Forward
1 - 49% - 60% - 4:17
2 - 51% - 40% - 4:23
PP Defense
1 - 58% - 60% - 5:04
2 - 42% - 40% - 3:36
PK Forward
1 - 64% - 60% - 5:06
2 - 36% - 40% - 2:50
PK Defense
1 - 63% - 60% - 4:58
2 - 37% - 40% - 2:58
PK3 Forward
1 - 0% - 60%
2 - 0% - 40%
PK3 Defense
1 - 0% - 60%
2 - 0% - 40%
44 Forward
1 - 0% - 60%
2 - 0% - 40%
44 Defense
1 - 0% - 60%
2 - 0% - 40%
Last Minute Offensive  - 0:00
Last Minute Defensive  - 0:00
Total
Forward - 60:00
Defense - 60:00

Play-by-Play

1st period


0:01 of 1st period - Matt Duchene wins face-off versus Tyler Johnson in neutral zone.
0:10 of 1st period - Snap shot by Marek Svatos.
0:10 of 1st period - Shot Misses the Net.
2:33 of 1st period - Backhand shot by Patrick Eaves.
2:33 of 1st period - Stopped by Jaroslav Halak without a rebound.
2:34 of 1st period - Matt Duchene wins face-off versus James Wright in Lightning zone.
2:39 of 1st period - Snap shot by Marek Svatos.
2:39 of 1st period - Stopped by Jaroslav Halak without a rebound.
2:40 of 1st period - Matt Duchene wins face-off versus James Wright in Lightning zone.
2:51 of 1st period - Snap shot by Matt Duchene.
2:51 of 1st period - Stopped by Jaroslav Halak with a rebound.
2:53 of 1st period - Wrist shot by Alex Galchenyuk.
2:53 of 1st period - Stopped by Jaroslav Halak without a rebound.
2:54 of 1st period - Tyler Johnson wins face-off versus Travis Zajac in Lightning zone.
2:56 of 1st period - Minor Penalty to Henrik Zetterberg for Hooking.
2:57 of 1st period - Matt Duchene wins face-off versus Pierre-Luc Létourneau in Lightning zone.
3:23 of 1st period - Tyler Cuma is hit by Drew Stafford and loses puck.
3:50 of 1st period - Snap shot by David Booth.
3:50 of 1st period - Goal by David Booth - Lightning : 0 - Panthers : 1.
3:51 of 1st period - Matt Duchene wins face-off versus Tyler Johnson in neutral zone.
3:57 of 1st period - Wrist shot by Matt Duchene.
3:57 of 1st period - Stopped by Jaroslav Halak with a rebound.
3:59 of 1st period - Wrist shot by Matt Duchene.
3:59 of 1st period - Shot Misses the Net.
4:01 of 1st period - Backhand shot by Matt Irwin.
4:01 of 1st period - Stopped by Jaroslav Halak without a rebound.
4:02 of 1st period - Tyler Johnson wins face-off versus Chad Larose in Lightning zone.
4:11 of 1st period - Slapshot by David Booth.
4:11 of 1st period - Shot Blocked by Jon Merrill.
4:29 of 1st period - Justin Schultz is hit by Brandon Gormley and loses puck.
5:14 of 1st period - Wrist shot by Tyler Johnson.
5:14 of 1st period - Shot Misses the Net.
5:18 of 1st period - Wrist shot by Henrik Zetterberg.
5:18 of 1st period - Shot Hit the Post.
5:20 of 1st period - Wrist shot by Henrik Zetterberg.
5:20 of 1st period - Shot Blocked by Patrick Eaves.
6:09 of 1st period - Theo Peckham is hit by Travis Zajac.
6:36 of 1st period - Icing by Theo Peckham.
6:37 of 1st period - James Wright wins face-off versus Kyle Wellwood in Lightning zone.
6:44 of 1st period - Snap shot by Nikita Kucherov.
6:44 of 1st period - Deflect By James Wright.
6:44 of 1st period - Stopped by Petr Mrazek without a rebound.
6:45 of 1st period - Gilbert Brule wins face-off versus Matt Duchene in Panthers zone.
7:37 of 1st period - Snap shot by Linus Omark.
7:37 of 1st period - Shot Misses the Net.
7:43 of 1st period - Slapshot by Nikita Kucherov.
7:43 of 1st period - Stopped by Petr Mrazek without a rebound.
7:44 of 1st period - Matt Duchene wins face-off versus Tyler Johnson in Panthers zone.
7:50 of 1st period - Minor Penalty to Patrick Kaleta for Hooking.
7:51 of 1st period - Matt Duchene wins face-off versus Henrik Zetterberg in Lightning zone.
7:53 of 1st period - Wrist shot by Alex Galchenyuk.
7:53 of 1st period - Shot Misses the Net.
7:55 of 1st period - Slapshot by Erik Gudbranson.
7:55 of 1st period - Stopped by Jaroslav Halak without a rebound.
7:56 of 1st period - Henrik Zetterberg wins face-off versus Matt Duchene in Lightning zone.
8:03 of 1st period - Wrist shot by Henrik Zetterberg.
8:03 of 1st period - Shot Blocked by Brandon Gormley.
8:31 of 1st period - Wrist shot by Daniel Carcillo.
8:31 of 1st period - Shot Blocked by Erik Gudbranson.
9:50 of 1st period - Penalty to Patrick Kaleta is over, Patrick Kaleta is back on ice.
9:50 of 1st period - Tyler Johnson is hit by Alex Galchenyuk and loses puck.
10:01 of 1st period - Slapshot by Nikita Kucherov.
10:01 of 1st period - Goal by Nikita Kucherov - Lightning : 1 - Panthers : 1.
10:02 of 1st period - Gilbert Brule wins face-off versus David Booth in neutral zone.
10:05 of 1st period - David Booth is hit by Daniel Carcillo and loses puck.
10:14 of 1st period - Snap shot by Travis Zajac.
10:14 of 1st period - Deflect By Chad Larose.
10:14 of 1st period - Shot Misses the Net.
10:14 of 1st period - Puck is out of play.
10:15 of 1st period - Matt Duchene wins face-off versus Tyler Johnson in Lightning zone.
10:18 of 1st period - Wrist shot by Matt Duchene.
10:18 of 1st period - Shot Blocked by Andy Rogers.
10:44 of 1st period - Tyler Toffoli is hit by Erik Gudbranson and loses puck.
11:09 of 1st period - Wrist shot by Kyle Wellwood.
11:09 of 1st period - Stopped by Jaroslav Halak with a rebound.
11:11 of 1st period - Snap shot by Mark Pysyk.
11:11 of 1st period - Stopped by Jaroslav Halak without a rebound.
11:12 of 1st period - Kyle Wellwood wins face-off versus Tyler Johnson in Lightning zone.
11:19 of 1st period - Wrist shot by Patrick Eaves.
11:19 of 1st period - Stopped by Jaroslav Halak without a rebound.
11:20 of 1st period - Matt Duchene wins face-off versus Patrick Kaleta in Lightning zone.
12:11 of 1st period - Snap shot by Nikita Kucherov.
12:11 of 1st period - Shot Misses the Net.
12:13 of 1st period - Snap shot by Dany Heatley.
12:13 of 1st period - Shot Hit the Post.
12:15 of 1st period - Slapshot by Nikita Kucherov.
12:15 of 1st period - Shot Misses the Net.
12:17 of 1st period - Slapshot by James Wright.
12:17 of 1st period - Stopped by Petr Mrazek without a rebound.
12:18 of 1st period - Tyler Johnson wins face-off versus Matt Duchene in Panthers zone.
12:19 of 1st period - Snap shot by Henrik Zetterberg.
12:19 of 1st period - Stopped by Petr Mrazek with a rebound.
12:22 of 1st period - Minor Penalty to Alex Galchenyuk for Holding.
12:23 of 1st period - Travis Zajac wins face-off versus Henrik Zetterberg in Panthers zone.
12:40 of 1st period - Slapshot by Henrik Zetterberg.
12:40 of 1st period - Shot Blocked by Erik Gudbranson.
13:25 of 1st period - Marek Svatos is hit by Henrik Zetterberg.
13:48 of 1st period - Icing by Patrick Kaleta.
13:49 of 1st period - Kyle Wellwood wins face-off versus Tyler Johnson in Lightning zone.
14:08 of 1st period - Wrist shot by Daniel Carcillo.
14:08 of 1st period - Stopped by Petr Mrazek with a rebound.
14:10 of 1st period - Wrist shot by Gilbert Brule.
14:10 of 1st period - Shot Misses the Net.
14:22 of 1st period - Penalty to Alex Galchenyuk is over, Alex Galchenyuk is back on ice.
14:22 of 1st period - Wrist shot by Chad Larose.
14:22 of 1st period - Goal by Chad Larose - Lightning : 1 - Panthers : 2.
14:23 of 1st period - Matt Duchene wins face-off versus Tyler Johnson in neutral zone.
14:36 of 1st period - Matt Duchene is hit by Tyler Johnson and loses puck.
14:49 of 1st period - Marek Svatos is hit by Nikita Kucherov and loses puck.
15:12 of 1st period - Snap shot by Alex Galchenyuk.
15:12 of 1st period - Goal by Alex Galchenyuk - Lightning : 1 - Panthers : 3.
15:13 of 1st period - Tyler Johnson wins face-off versus Travis Zajac in neutral zone.
15:59 of 1st period - Off-side.
16:00 of 1st period - Matt Duchene wins face-off versus James Wright in neutral zone.
16:14 of 1st period - Icing by James Wright.
16:15 of 1st period - Travis Zajac wins face-off versus James Wright in Lightning zone.
16:54 of 1st period - Slapshot by Henrik Zetterberg.
16:54 of 1st period - Stopped by Petr Mrazek with a rebound.
17:14 of 1st period - Slapshot by Drew Stafford.
17:14 of 1st period - Shot Misses the Net.
17:16 of 1st period - Snap shot by Linus Omark.
17:16 of 1st period - Shot Misses the Net.
17:18 of 1st period - Snap shot by Linus Omark.
17:18 of 1st period - Deflect By Drew Stafford.
17:18 of 1st period - Shot Blocked by Daniel Carcillo.
17:18 of 1st period - Puck is out of play.
17:19 of 1st period - Travis Zajac wins face-off versus Tyler Johnson in Lightning zone.
18:46 of 1st period - Minor Penalty to Daniel Paille for High sticking.
18:47 of 1st period - Travis Zajac wins face-off versus Tyler Johnson in Panthers zone.
19:28 of 1st period - Wrist shot by Daniel Carcillo.
19:28 of 1st period - Shot Misses the Net.
Goals for this period are 1 for Lightning vs 3 for Panthers.
Shots for this period are 7 for Lightning vs 13 for Panthers.

2nd period


0:01 of 2nd period - Travis Zajac wins face-off versus Tyler Johnson in neutral zone.
0:10 of 2nd period - Slapshot by Tyler Cuma.
0:10 of 2nd period - Deflect By Henrik Zetterberg.
0:10 of 2nd period - Shot Blocked by Travis Zajac.
0:10 of 2nd period - Puck is out of play.
0:11 of 2nd period - Chad Larose wins face-off versus Tyler Johnson in Panthers zone.
0:22 of 2nd period - Chad Larose is hit by Patrick Kaleta.
0:46 of 2nd period - Penalty to Daniel Paille is over, Daniel Paille is back on ice.
0:50 of 2nd period - Wrist shot by Daniel Carcillo.
0:50 of 2nd period - Deflect By Erik Gudbranson.
0:50 of 2nd period - Shot Hit the Post.
0:50 of 2nd period - Puck is out of play.
0:51 of 2nd period - Matt Duchene wins face-off versus Tyler Johnson in Panthers zone.
1:16 of 2nd period - Backhand shot by Chad Larose.
1:16 of 2nd period - Shot Blocked by Tyler Toffoli.
1:34 of 2nd period - Cameron Schilling is hit by Linus Omark and loses puck.
1:45 of 2nd period - Slapshot by Tyler Cuma.
1:45 of 2nd period - Deflect By Erik Gudbranson.
1:45 of 2nd period - Stopped by Petr Mrazek with a rebound.
2:01 of 2nd period - Lubomir Visnovsky is hit by Tyler Johnson.
2:43 of 2nd period - Snap shot by Travis Zajac.
2:43 of 2nd period - Shot Misses the Net.
2:45 of 2nd period - Snap shot by Chad Larose.
2:45 of 2nd period - Shot Misses the Net.
2:47 of 2nd period - Backhand shot by David Booth.
2:47 of 2nd period - Shot Blocked by Tyler Cuma.
3:13 of 2nd period - Dany Heatley is hit by Erik Gudbranson and loses puck.
3:18 of 2nd period - Wrist shot by Matt Duchene.
3:18 of 2nd period - Stopped by Jaroslav Halak with a rebound.
3:30 of 2nd period - Mark Pysyk is hit by Dany Heatley and loses puck.
3:41 of 2nd period - Wrist shot by Nikita Kucherov.
3:41 of 2nd period - Stopped by Petr Mrazek without a rebound.
3:42 of 2nd period - Travis Zajac wins face-off versus Tyler Johnson in Panthers zone.
3:47 of 2nd period - Patrick Kaleta is hit by David Booth and loses puck.
3:55 of 2nd period - Slapshot by Lubomir Visnovsky.
3:55 of 2nd period - Stopped by Jaroslav Halak with a rebound.
3:59 of 2nd period - Snap shot by Travis Zajac.
3:59 of 2nd period - Shot Misses the Net.
4:09 of 2nd period - Stephen Weiss is hit by Justin Schultz and loses puck.
4:35 of 2nd period - Minor Penalty to Matt Duchene for Diving.
4:36 of 2nd period - Travis Zajac wins face-off versus Tyler Johnson in Panthers zone.
4:36 of 2nd period - Travis Zajac is hit by Henrik Zetterberg.
4:45 of 2nd period - Erik Gudbranson is hit by Tyler Johnson.
4:55 of 2nd period - Brandon Gormley is hit by Patrick Kaleta and loses puck.
5:13 of 2nd period - Henrik Zetterberg is hit by Drew Stafford.
5:24 of 2nd period - Slapshot by Justin Schultz.
5:24 of 2nd period - Shot Blocked by Erik Gudbranson.
5:46 of 2nd period - Icing by Justin Schultz.
5:47 of 2nd period - Kyle Wellwood wins face-off versus Gilbert Brule in Lightning zone.
5:58 of 2nd period - Wrist shot by Daniel Carcillo.
5:58 of 2nd period - Shot Blocked by Lubomir Visnovsky.
6:00 of 2nd period - Wrist shot by Gilbert Brule.
6:00 of 2nd period - Shot Misses the Net.
6:02 of 2nd period - Snap shot by Daniel Carcillo.
6:02 of 2nd period - Shot Misses the Net.
6:04 of 2nd period - Wrist shot by Daniel Carcillo.
6:04 of 2nd period - Shot Misses the Net.
6:06 of 2nd period - Snap shot by Justin Schultz.
6:06 of 2nd period - Shot Blocked by Erik Gudbranson.
6:24 of 2nd period - Wrist shot by Tyler Toffoli.
6:24 of 2nd period - Deflect By Daniel Carcillo.
6:24 of 2nd period - Shot Blocked by Lubomir Visnovsky.
6:24 of 2nd period - Puck is out of play.
6:25 of 2nd period - Tyler Johnson wins face-off versus Travis Zajac in Panthers zone.
6:35 of 2nd period - Penalty to Matt Duchene is over, Matt Duchene is back on ice.
6:52 of 2nd period - Backhand shot by David Booth.
6:52 of 2nd period - Deflect By Chad Larose.
6:52 of 2nd period - Shot Blocked by Andy Rogers.
6:52 of 2nd period - Puck is out of play.
6:53 of 2nd period - Travis Zajac wins face-off versus Gilbert Brule in Lightning zone.
6:56 of 2nd period - Wrist shot by David Booth.
6:56 of 2nd period - Goal by David Booth - Lightning : 1 - Panthers : 4.
6:56 of 2nd period - Jhonas Enroth enters game.
6:57 of 2nd period - Tyler Johnson wins face-off versus Matt Duchene in neutral zone.
7:24 of 2nd period - Alex Galchenyuk is hit by Nikita Kucherov and loses puck.
7:29 of 2nd period - Snap shot by Nikita Kucherov.
7:29 of 2nd period - Stopped by Petr Mrazek with a rebound.
8:29 of 2nd period - Wrist shot by Daniel Carcillo.
8:29 of 2nd period - Shot Blocked by Brandon Gormley.
8:31 of 2nd period - Snap shot by Gilbert Brule.
8:31 of 2nd period - Stopped by Petr Mrazek without a rebound.
8:32 of 2nd period - Tyler Johnson wins face-off versus Travis Zajac in Panthers zone.
8:33 of 2nd period - Wrist shot by Henrik Zetterberg.
8:33 of 2nd period - Stopped by Petr Mrazek with a rebound.
8:35 of 2nd period - Wrist shot by Henrik Zetterberg.
8:35 of 2nd period - Shot Misses the Net.
8:37 of 2nd period - Snap shot by Henrik Zetterberg.
8:37 of 2nd period - Stopped by Petr Mrazek without a rebound.
8:38 of 2nd period - Chad Larose wins face-off versus Tyler Johnson in Panthers zone.
8:43 of 2nd period - Snap shot by Travis Zajac.
8:43 of 2nd period - Stopped by Jhonas Enroth with a rebound.
8:49 of 2nd period - Slapshot by Tyler Cuma.
8:49 of 2nd period - Shot Blocked by Matt Irwin.
8:51 of 2nd period - Slapshot by Patrick Kaleta.
8:51 of 2nd period - Stopped by Petr Mrazek without a rebound.
8:52 of 2nd period - Tyler Johnson wins face-off versus Travis Zajac in Panthers zone.
8:55 of 2nd period - Snap shot by Henrik Zetterberg.
8:55 of 2nd period - Shot Misses the Net.
8:57 of 2nd period - Slapshot by Tyler Johnson.
8:57 of 2nd period - Stopped by Petr Mrazek without a rebound.
8:58 of 2nd period - Tyler Johnson wins face-off versus Travis Zajac in Panthers zone.
9:09 of 2nd period - Snap shot by Patrick Kaleta.
9:09 of 2nd period - Shot Misses the Net.
9:11 of 2nd period - Slapshot by Jon Merrill.
9:11 of 2nd period - Stopped by Petr Mrazek with a rebound.
9:15 of 2nd period - Slapshot by Tyler Johnson.
9:15 of 2nd period - Shot Misses the Net.
9:35 of 2nd period - Wrist shot by Nikita Kucherov.
9:35 of 2nd period - Shot Misses the Net.
9:37 of 2nd period - Wrist shot by Dany Heatley.
9:37 of 2nd period - Deflect By Nikita Kucherov.
9:37 of 2nd period - Shot Blocked by Mark Pysyk.
9:37 of 2nd period - Puck is out of play.
9:38 of 2nd period - Matt Duchene wins face-off versus Tyler Johnson in Panthers zone.
9:49 of 2nd period - Matt Duchene is hit by Tyler Cuma and loses puck.
10:12 of 2nd period - Backhand shot by Linus Omark.
10:12 of 2nd period - Stopped by Jhonas Enroth without a rebound.
10:13 of 2nd period - Travis Zajac wins face-off versus Gilbert Brule in Lightning zone.
10:26 of 2nd period - Snap shot by David Booth.
10:26 of 2nd period - Shot Misses the Net.
10:28 of 2nd period - Slapshot by Christian Ehrhoff.
10:28 of 2nd period - Shot Blocked by Justin Schultz.
10:30 of 2nd period - Wrist shot by Chad Larose.
10:30 of 2nd period - Goal by Chad Larose - Lightning : 1 - Panthers : 5.
10:31 of 2nd period - Matt Duchene wins face-off versus Tyler Johnson in neutral zone.
10:33 of 2nd period - Off-side.
10:34 of 2nd period - Matt Duchene wins face-off versus Tyler Johnson in neutral zone.
10:37 of 2nd period - Slapshot by Brandon Gormley.
10:37 of 2nd period - Shot Misses the Net.
10:48 of 2nd period - Icing by Brandon Gormley.
10:49 of 2nd period - Matt Duchene wins face-off versus Tyler Johnson in Panthers zone.
11:08 of 2nd period - Wrist shot by Alex Galchenyuk.
11:08 of 2nd period - Shot Misses the Net.
11:13 of 2nd period - Off-side.
11:14 of 2nd period - Travis Zajac wins face-off versus Gilbert Brule in neutral zone.
11:48 of 2nd period - Snap shot by Linus Omark.
11:48 of 2nd period - Shot Misses the Net.
11:50 of 2nd period - Slapshot by Stephen Weiss.
11:50 of 2nd period - Goal by Stephen Weiss - Lightning : 1 - Panthers : 6.
11:51 of 2nd period - Matt Duchene wins face-off versus Tyler Johnson in neutral zone.
12:06 of 2nd period - Snap shot by Alex Galchenyuk.
12:06 of 2nd period - Shot Misses the Net.
12:08 of 2nd period - Slapshot by Brandon Gormley.
12:08 of 2nd period - Shot Misses the Net.
12:18 of 2nd period - Tyler Cuma is hit by Linus Omark and loses puck.
12:19 of 2nd period - Tyler Cuma from Lightning is injured at 12:19 of 2nd period (Fractured Bone in Right Hand).
12:20 of 2nd period - Tyler Johnson wins face-off versus Matt Duchene in Lightning zone.
12:20 of 2nd period - Tyler Johnson is hit by Brandon Gormley.
12:34 of 2nd period - Backhand shot by Matt Duchene.
12:34 of 2nd period - Shot Misses the Net.
12:36 of 2nd period - Slapshot by Marek Svatos.
12:36 of 2nd period - Shot Blocked by Rasmus Ristolainen.
12:58 of 2nd period - Snap shot by Linus Omark.
12:58 of 2nd period - Shot Misses the Net.
13:18 of 2nd period - Wrist shot by Patrick Eaves.
13:18 of 2nd period - Shot Blocked by Tyler Johnson.
13:20 of 2nd period - Slapshot by Christian Ehrhoff.
13:20 of 2nd period - Deflect By Tyler Johnson.
13:20 of 2nd period - Stopped by Jhonas Enroth without a rebound.
13:21 of 2nd period - Gilbert Brule wins face-off versus Matt Duchene in Lightning zone.
13:28 of 2nd period - Marek Svatos is hit by Daniel Carcillo and loses puck.
14:12 of 2nd period - Slapshot by Stephen Weiss.
14:12 of 2nd period - Stopped by Jhonas Enroth without a rebound.
14:13 of 2nd period - Stephen Weiss wins face-off versus Gilbert Brule in Lightning zone.
14:36 of 2nd period - Backhand shot by Matt Duchene.
14:36 of 2nd period - Shot Misses the Net.
15:17 of 2nd period - Slapshot by Daniel Carcillo.
15:17 of 2nd period - Shot Misses the Net.
15:19 of 2nd period - Snap shot by Gilbert Brule.
15:19 of 2nd period - Stopped by Petr Mrazek with a rebound.
15:21 of 2nd period - Slapshot by Paul Ranger.
15:21 of 2nd period - Deflect By Daniel Carcillo.
15:21 of 2nd period - Shot Misses the Net.
15:21 of 2nd period - Puck is out of play.
15:22 of 2nd period - Matt Duchene wins face-off versus Gilbert Brule in Panthers zone.
15:41 of 2nd period - Slapshot by Daniel Carcillo.
15:41 of 2nd period - Shot Blocked by Marek Svatos.
16:01 of 2nd period - Snap shot by Drew Stafford.
16:01 of 2nd period - Shot Misses the Net.
16:27 of 2nd period - Backhand shot by Andy Rogers.
16:27 of 2nd period - Stopped by Petr Mrazek without a rebound.
16:28 of 2nd period - Matt Duchene wins face-off versus Tyler Johnson in Panthers zone.
16:44 of 2nd period - Off-side.
16:45 of 2nd period - Travis Zajac wins face-off versus James Wright in neutral zone.
17:08 of 2nd period - Minor Penalty to James Wright for Tripping.
17:09 of 2nd period - Henrik Zetterberg wins face-off versus Matt Duchene in Lightning zone.
17:22 of 2nd period - Slapshot by Alex Galchenyuk.
17:22 of 2nd period - Stopped by Jhonas Enroth with a rebound.
17:36 of 2nd period - Tyler Johnson is hit by Brandon Gormley and loses puck.
17:45 of 2nd period - Snap shot by David Booth.
17:45 of 2nd period - Shot Blocked by Henrik Zetterberg.
17:47 of 2nd period - Slapshot by Mark Pysyk.
17:47 of 2nd period - Shot Misses the Net.
18:05 of 2nd period - Daniel Carcillo is hit by Matt Duchene and loses puck.
19:08 of 2nd period - Penalty to James Wright is over, James Wright is back on ice.
19:17 of 2nd period - James Wright is hit by Kyle Wellwood and loses puck.
19:32 of 2nd period - Snap shot by Henrik Zetterberg.
19:32 of 2nd period - Shot Misses the Net.
19:52 of 2nd period - Wrist shot by Henrik Zetterberg.
19:52 of 2nd period - Stopped by Petr Mrazek with a rebound.
Goals for this period are 0 for Lightning vs 3 for Panthers.
Shots for this period are 12 for Lightning vs 10 for Panthers.

3rd period


0:01 of 3rd period - Tyler Johnson wins face-off versus Matt Duchene in neutral zone.
0:03 of 3rd period - Off-side.
0:04 of 3rd period - Marek Svatos wins face-off versus Tyler Johnson in neutral zone.
0:09 of 3rd period - Wrist shot by Alex Galchenyuk.
0:09 of 3rd period - Stopped by Jhonas Enroth without a rebound.
0:10 of 3rd period - Matt Duchene wins face-off versus Tyler Johnson in Lightning zone.
0:59 of 3rd period - Wrist shot by Alex Galchenyuk.
0:59 of 3rd period - Shot Hit the Post.
1:01 of 3rd period - Snap shot by Erik Gudbranson.
1:01 of 3rd period - Shot Misses the Net.
1:15 of 3rd period - Snap shot by Alex Galchenyuk.
1:15 of 3rd period - Shot Misses the Net.
1:33 of 3rd period - Snap shot by Alex Galchenyuk.
1:33 of 3rd period - Shot Misses the Net.
1:35 of 3rd period - Slapshot by Alex Galchenyuk.
1:35 of 3rd period - Stopped by Jhonas Enroth with a rebound.
1:37 of 3rd period - Snap shot by Matt Duchene.
1:37 of 3rd period - Stopped by Jhonas Enroth with a rebound.
1:39 of 3rd period - Slapshot by Erik Gudbranson.
1:39 of 3rd period - Stopped by Jhonas Enroth with a rebound.
1:41 of 3rd period - Snap shot by Erik Gudbranson.
1:41 of 3rd period - Stopped by Jhonas Enroth without a rebound.
1:42 of 3rd period - Travis Zajac wins face-off versus Gilbert Brule in Lightning zone.
1:45 of 3rd period - Snap shot by Travis Zajac.
1:45 of 3rd period - Goal by Travis Zajac - Lightning : 1 - Panthers : 7.
1:46 of 3rd period - Travis Zajac wins face-off versus Daniel Carcillo in neutral zone.
1:51 of 3rd period - Wrist shot by Travis Zajac.
1:51 of 3rd period - Shot Misses the Net.
1:57 of 3rd period - Wrist shot by Jon Merrill.
1:57 of 3rd period - Shot Blocked by Mark Pysyk.
1:59 of 3rd period - Slapshot by Jon Merrill.
1:59 of 3rd period - Shot Blocked by Mark Pysyk.
2:01 of 3rd period - Snap shot by Gilbert Brule.
2:01 of 3rd period - Shot Misses the Net.
2:45 of 3rd period - Snap shot by Travis Zajac.
2:45 of 3rd period - Shot Blocked by Daniel Carcillo.
3:08 of 3rd period - Brandon Gormley is hit by Andy Rogers and loses puck.
3:56 of 3rd period - Jon Merrill is hit by Alex Galchenyuk and loses puck.
5:30 of 3rd period - Wrist shot by Drew Stafford.
5:30 of 3rd period - Shot Misses the Net.
5:32 of 3rd period - Slapshot by Drew Stafford.
5:32 of 3rd period - Stopped by Jhonas Enroth with a rebound.
5:54 of 3rd period - Slapshot by David Booth.
5:54 of 3rd period - Shot Misses the Net.
6:02 of 3rd period - Jon Merrill is hit by Travis Zajac and loses puck.
6:23 of 3rd period - Slapshot by Patrick Eaves.
6:23 of 3rd period - Shot Misses the Net.
6:46 of 3rd period - Off-side.
6:47 of 3rd period - Matt Duchene wins face-off versus Pierre-Luc Létourneau in neutral zone.
6:58 of 3rd period - Slapshot by Rasmus Ristolainen.
6:58 of 3rd period - Stopped by Petr Mrazek without a rebound.
6:59 of 3rd period - Alex Galchenyuk wins face-off versus James Wright in Panthers zone.
7:26 of 3rd period - Dany Heatley is hit by Drew Stafford and loses puck.
7:33 of 3rd period - Snap shot by Paul Ranger.
7:33 of 3rd period - Goal by Paul Ranger - Lightning : 2 - Panthers : 7.
7:34 of 3rd period - Henrik Zetterberg wins face-off versus Matt Duchene in neutral zone.
7:45 of 3rd period - Wrist shot by Henrik Zetterberg.
7:45 of 3rd period - Goal by Henrik Zetterberg - Lightning : 3 - Panthers : 7.
7:46 of 3rd period - Travis Zajac wins face-off versus Tyler Johnson in neutral zone.
7:51 of 3rd period - Backhand shot by David Booth.
7:51 of 3rd period - Shot Blocked by Cameron Schilling.
8:42 of 3rd period - Snap shot by Stephen Weiss.
8:42 of 3rd period - Stopped by Jhonas Enroth with a rebound.
8:44 of 3rd period - Snap shot by Stephen Weiss.
8:44 of 3rd period - Shot Misses the Net.
8:54 of 3rd period - Matt Irwin is hit by Andy Rogers and loses puck.
9:17 of 3rd period - Wrist shot by Gilbert Brule.
9:17 of 3rd period - Shot Misses the Net.
9:24 of 3rd period - Icing by David Booth.
9:25 of 3rd period - Travis Zajac wins face-off versus Tyler Johnson in Panthers zone.
9:32 of 3rd period - Paul Ranger is hit by Matt Irwin and loses puck.
10:17 of 3rd period - Jon Merrill is hit by Matt Irwin and loses puck.
10:36 of 3rd period - Jon Merrill is hit by Kyle Wellwood and loses puck.
10:57 of 3rd period - Wrist shot by Daniel Carcillo.
10:57 of 3rd period - Shot Blocked by Erik Gudbranson.
10:59 of 3rd period - Minor Penalty to Marek Svatos for Interference.
11:00 of 3rd period - Tyler Johnson wins face-off versus Travis Zajac in Panthers zone.
11:03 of 3rd period - Snap shot by Henrik Zetterberg.
11:03 of 3rd period - Shot Misses the Net.
11:05 of 3rd period - Slapshot by Paul Ranger.
11:05 of 3rd period - Stopped by Petr Mrazek without a rebound.
11:06 of 3rd period - Travis Zajac wins face-off versus Tyler Johnson in Panthers zone.
11:37 of 3rd period - Snap shot by Gilbert Brule.
11:37 of 3rd period - Stopped by Petr Mrazek without a rebound.
11:38 of 3rd period - Tyler Johnson wins face-off versus Travis Zajac in Panthers zone.
12:02 of 3rd period - Icing by Paul Ranger.
12:03 of 3rd period - Gilbert Brule wins face-off versus Kyle Wellwood in Lightning zone.
12:50 of 3rd period - Gilbert Brule is hit by Mark Pysyk and loses puck.
12:57 of 3rd period - Drew Stafford is hit by Tyler Toffoli and loses puck.
12:59 of 3rd period - Penalty to Marek Svatos is over, Marek Svatos is back on ice.
13:28 of 3rd period - Stephen Weiss is hit by Henrik Zetterberg and loses puck.
13:45 of 3rd period - Icing by Gilbert Brule.
13:46 of 3rd period - Kyle Wellwood wins face-off versus Gilbert Brule in Lightning zone.
13:49 of 3rd period - Snap shot by Patrick Eaves.
13:49 of 3rd period - Stopped by Jhonas Enroth with a rebound.
13:51 of 3rd period - Wrist shot by Patrick Eaves.
13:51 of 3rd period - Stopped by Jhonas Enroth with a rebound.
13:55 of 3rd period - Snap shot by Kyle Wellwood.
13:55 of 3rd period - Shot Blocked by Andy Rogers.
13:57 of 3rd period - Wrist shot by Patrick Eaves.
13:57 of 3rd period - Shot Misses the Net.
13:59 of 3rd period - Wrist shot by Kyle Wellwood.
13:59 of 3rd period - Stopped by Jhonas Enroth with a rebound.
14:01 of 3rd period - Snap shot by Brandon Gormley.
14:01 of 3rd period - Deflect By Patrick Eaves.
14:01 of 3rd period - Stopped by Jhonas Enroth with a rebound.
14:18 of 3rd period - Snap shot by Henrik Zetterberg.
14:18 of 3rd period - Stopped by Petr Mrazek with a rebound.
14:20 of 3rd period - Wrist shot by Patrick Kaleta.
14:20 of 3rd period - Shot Misses the Net.
14:22 of 3rd period - Slapshot by Patrick Kaleta.
14:22 of 3rd period - Stopped by Petr Mrazek with a rebound.
14:37 of 3rd period - Minor Penalty to Nikita Kucherov for Hooking.
14:38 of 3rd period - Matt Duchene wins face-off versus Henrik Zetterberg in Lightning zone.
14:43 of 3rd period - Wrist shot by Matt Duchene.
14:43 of 3rd period - Stopped by Jhonas Enroth with a rebound.
14:55 of 3rd period - Slapshot by Andy Rogers.
14:55 of 3rd period - Shot Blocked by Alex Galchenyuk.
15:06 of 3rd period - Off-side.
15:07 of 3rd period - Travis Zajac wins face-off versus Gilbert Brule in neutral zone.
16:02 of 3rd period - Wrist shot by Travis Zajac.
16:02 of 3rd period - Deflect By Drew Stafford.
16:02 of 3rd period - Shot Blocked by Tyler Johnson.
16:02 of 3rd period - Puck is out of play.
16:03 of 3rd period - Tyler Johnson wins face-off versus Matt Duchene in Lightning zone.
16:26 of 3rd period - Minor Penalty to Daniel Carcillo for Tripping.
16:27 of 3rd period - Matt Duchene wins face-off versus Henrik Zetterberg in Lightning zone.
16:30 of 3rd period - Snap shot by Alex Galchenyuk.
16:30 of 3rd period - Shot Misses the Net.
16:37 of 3rd period - Penalty to Nikita Kucherov is over, Nikita Kucherov is back on ice.
17:38 of 3rd period - Jon Merrill is hit by Alex Galchenyuk and loses puck.
18:26 of 3rd period - Penalty to Daniel Carcillo is over, Daniel Carcillo is back on ice.
19:12 of 3rd period - Gilbert Brule is hit by Daniel Paille and loses puck.
Goals for this period are 2 for Lightning vs 1 for Panthers.
Shots for this period are 7 for Lightning vs 13 for Panthers.